 Dungeon Crawl Stone Soup version 0.29-a0-1065-g47a6bb87d6 (webtiles) character file.

Game seed: 9076887563132765889

2150 wingedge the Jinx (level 9, -7/44 HPs)
             Began as a Spriggan Conjurer on Aug 18, 2022.
             Was a Believer of Dithmenos.
             Succumbed to a red devil's poison
             ... on level 6 of the Dungeon.
             The game lasted 00:46:43 (9596 turns).

wingedge the Jinx (Spriggan Conjurer)               Turns: 9596, Time: 00:46:44

Health: -7/44      AC:  3    Str:  3    XL:     9   Next: 10%
Magic:  0/20       EV: 18    Int: 23    God:    Dithmenos [**....]
Gold:   260        SH:  0    Dex: 14    Spells: 2/22 levels left

rFire   . . .      SeeInvis +   z - +1 short sword (elec)
rCold   . . .      Faith    .   (no shield)
rNeg    . . .      Spirit   .   c - +1 robe {Archmagi}
rPois   .          Reflect  .   (helmet restricted)
rElec   .          Harm     .   A - scarf {+Inv}
rCorr   .          Rampage  .   (gloves unavailable)
Will    +....      Archmagi +   (boots unavailable)
Stlth   ++++......              (no amulet)
HPRegen 0.14/turn               (no ring)
MPRegen 0.17/turn               (no ring)

@: lethally poisoned (-7 -> -47), spiked, wreathed by umbra, very quick
A: very small, no large weapons, unfitting armour, see invisible, speed 3
a: Renounce Religion, Evoke Invisibility, Shadow Step


You were on level 6 of the Dungeon.
You worshipped Dithmenos.
Dithmenos was pleased with you.
You visited 1 branch of the dungeon, and saw 6 of its levels.
You also visited: Ossuary.

You collected 260 gold pieces.

Inventory:

Hand Weapons
 a - a +2 short sword of draining
 r - a +2 dagger of draining
 z - a +1 short sword of electrocution (weapon)
Missiles
 s - a throwing net
Armour
 c - a +1 robe of the Archmagi (worn)
 A - a scarf of invisibility (worn)
Jewellery
 k - an amulet of guardian spirit
Wands
 B - a wand of paralysis (5)
Scrolls
 e - 2 scrolls of butterflies
 i - 2 scrolls of poison
 j - 4 scrolls of amnesia
 l - 4 scrolls of teleportation
 n - a scroll of magic mapping {unknown}
 o - 2 scrolls of immolation {unknown}
 t - 2 scrolls of fear {unknown}
 u - 3 scrolls of torment {unknown}
 w - 2 scrolls of brand weapon {unknown}
 y - 2 scrolls of enchant armour {unknown}
 C - a scroll of enchant weapon {unknown}
Potions
 b - 2 potions of magic
 d - 4 potions of curing
 f - a potion of haste
 g - 2 potions of mutation
 h - 2 potions of attraction {unknown}
 m - 3 potions of might
 p - a potion of degeneration {unknown}
 q - 4 potions of lignification
 v - a potion of heal wounds {unknown}
 x - a potion of brilliance
 D - a potion of invisibility {unknown}


   Skills:
 + Level 3.2 Fighting
 - Level 1.0 Short Blades
 - Level 4.0 Dodging
 - Level 6.0 Stealth
 - Level 7.0 Spellcasting
 - Level 4.0 Conjurations
 - Level 8.0 Hexes
 + Level 3.6 Translocations
 - Level 3.0 Transmutations
 - Level 1.0 Air Magic
 - Level 2.0 Poison Magic


You had 2 spell levels left.
You knew the following spells:

 Your Spells              Type           Power      Damage    Failure   Level
a - Magic Dart            Conj           100%       1d8       1%          1
b - Searing Ray           Conj           78%        2d7       2%          2
c - Dazzling Flash        Conj/Hex       100%       N/A       1%          3
d - Fulminant Prism       Conj/Hex       26%        3d14      6%          4
e - Mephitic Cloud        Conj/Pois/Air  28%        N/A       9%          3
f - Ignite Poison         Fire/Tmut/Pois 23%        N/A       12%         3
g - Iskenderun's Mystic   Conj/Tloc      38%        2d9       16%         4

Your spell library contained the following spells:

 Spells                   Type           Power      Damage    Failure   Level
 Tukima's Dance           Hex            61%        N/A       1%          3
 Passage of Golubria      Tloc           37%        N/A       17%         4
 Yara's Violent Unravell  Hex/Tmut       25%        3d11      22%         5
 Lightning Bolt           Conj/Air       14%        1d28      58%         5
 Freezing Cloud           Conj/Ice/Air   11%        6-21      73%         5
 Maxwell's Capacitive Co  Air            9%         ∞         100%        8


Dungeon Overview and Level Annotations

Branches:
Dungeon (6/15)            Ossuary (visited)
 Temple: D:4-7

Altars:
Dithmenos
Hepliaklqana
Nemelex Xobeh

Shops:
D:1 *   D:4 :


Innate Abilities, Weirdness & Mutations

You are very small and have problems with some larger weapons.
You are too small for most types of armour.
You have supernaturally acute eyesight. (SInv)
You cover ground extremely quickly. (Speed+++)


Message History

The kobold brigand throws a curare-tipped dart.
The curare-tipped dart misses you.
The kobold demonologist mumbles some strange words.
The searing ray hits the kobold demonologist.
The kobold demonologist is heavily wounded.
You feel very sick.
The kobold brigand throws a poisoned dart.
The poisoned dart misses you.
The kobold demonologist casts a cantrip, but nothing happens.
The searing ray misses the kobold demonologist.
You feel sick.
The kobold brigand throws a poisoned dart.
The poisoned dart barely misses you.
The searing ray misses the kobold demonologist.
You finish channelling your searing ray.
You feel sick.
The kobold brigand throws a poisoned dart.
The poisoned dart hits you!
You are more poisoned.
The red devil hits you from afar with a +0 trident of venom!
Barbed spikes become lodged in your body.
You are lethally poisoned!
Casting: Searing Ray (safe; 2% risk of failure)
Confirm with . or Enter, or press ? or * to list all spells.
Aiming: Searing Ray (safe; 2% risk of failure)
Press: ? - help, Shift-Dir - straight line, f/p - kobold demonologist
Aim: a kobold demonologist, wielding a +0 dagger and wearing a +1 robe of willpower (heavily wounded, umbra, 73% to hit)
You feel a surge of power!
The searing ray hits the kobold demonologist.
The kobold demonologist is severely wounded. (Press . to maintain the ray.)
The two-headed ogre shouts in stereo!
You feel extremely sick.
The kobold demonologist mumbles some strange words.
The red devil hits you from afar with a +0 trident of venom!
* * * LOW HITPOINT WARNING * * *
Barbed spikes become lodged in your body.
You are more poisoned.
Without enough magic to sustain it, your searing ray dissipates.
You die...

.... #### #..# #..## #######...##
#...# ##...##.....# ##..#
#.....#....## ###..###
##[.......... ##.....######
#.##.......#
....##..#...###..#.4.††..########
.....##.#...#....@K......)..#.#.#
....#......###....K.5....#..#...###
...........###.......##.##....<...#
.....##................[###..#...##
####..............OK..K.. #..#K..##
#..#.............)##.........3.#
#..##.....###......#........#...
##...#...## #...........K.....<.
#...#..## ...###..##........#


You could see a two-headed ogre, a kobold demonologist, a red devil (summoned),
3 kobold brigands and an ufetubus (summoned).

Vanquished Creatures
  Edmund (D:5)
  Duvessa (D:5)
  A water moccasin (D:6)
  A black bear (D:5)
  An ogre (D:6)
  3 phantoms
  A centaur (D:6)
  Blork the orc (D:6)
  2 scorpions (D:5)
  3 necrophages
  Dowan (D:5)
  3 hounds
  A jelly (D:4)
  4 orc priests
  Natasha (D:2)
  Terence (D:2)
  3 iguanas
  3 orc wizards
  13 mummies (Ossuary)
  Robin (D:2)
  11 adders
  6 gnolls (D:5)
  3 white imps
  An ufetubus (D:6)
  2 worms (D:2)
  A dart slug (D:4)
  22 orcs
  5 bats
  5 endoplasms
  5 giant cockroaches
  10 hobgoblins
  2 jackals
  9 kobolds
  5 quokkas
  3 ball pythons
  5 frilled lizards
  A gnoll skeleton (Ossuary)
  14 goblins
  3 goblin skeletons (Ossuary)
  A kobold skeleton (Ossuary)
  3 orc skeletons (Ossuary)
  4 rats
  11 rat skeletons (Ossuary)
  A fulminant prism (D:6)
179 creatures vanquished.

Vanquished Creatures (others)
  31 fulminant prisms
  3 fungi (D:1)
  5 plants (D:1)
39 creatures vanquished.

Grand Total: 218 creatures vanquished

Notes
Turn   | Place    | Note
-------+----------+-------------------------------------------
     0 | D:1      | wingedge the Spriggan Conjurer began the quest for the Orb.
     0 | D:1      | Reached XP level 1. HP: 9/9 MP: 5/5
     3 | D:1      | Noticed a minotaur zombie
     5 | D:1      | Noticed a demonspawn zombie
    10 | D:1      | Noticed a merfolk zombie
    14 | D:1      | Noticed a demonspawn zombie
   284 | D:1      | Found Huusifu's Assorted Antiques.
   643 | D:1      | Found a faded altar of an unknown god.
   758 | D:1      | Reached XP level 2. HP: 14/14 MP: 2/7
   867 | D:1      | Reached skill level 1 in Fighting
  1104 | D:2      | Noticed Robin
  1663 | D:2      | Reached XP level 3. HP: 18/18 MP: 0/8
  1712 | D:2      | Killed Robin
  1792 | D:2      | Learned a level 2 spell: Searing Ray
  1797 | D:2      | Learned a level 3 spell: Dazzling Flash
  2130 | D:2      | Reached skill level 1 in Hexes
  2322 | D:2      | Reached XP level 4. HP: 22/22 MP: 4/11
  2418 | D:2      | Reached skill level 2 in Hexes
  2502 | D:2      | Noticed Terence
  2517 | D:2      | Killed Terence
  2518 | D:2      | Reached skill level 3 in Hexes
  2684 | D:2      | Learned a level 4 spell: Fulminant Prism
  3086 | D:2      | Noticed Natasha
  3100 | D:2      | Killed Natasha
  3101 | D:2      | Reached XP level 5. HP: 26/26 MP: 5/12
  3740 | D:3      | Reached skill level 4 in Hexes
  3761 | D:3      | Found a sparkling altar of Nemelex Xobeh.
  3838 | D:3      | Noticed a shadow
  3839 | D:3      | Found a shadowy altar of Dithmenos.
  3841 | D:3      | Found a hazy altar of Hepliaklqana.
  3845 | D:3      | Became a worshipper of Dithmenos the Shadowed
  4790 | D:4      | Reached skill level 5 in Spellcasting
  4790 | D:4      | Reached XP level 6. HP: 30/30 MP: 3/14
  4907 | D:4      | Reached skill level 5 in Hexes
  5016 | D:4      | Found Guaff's Book Emporium.
  5227 | D:4      | Reached skill level 6 in Hexes
  5517 | D:4      | Reached skill level 5 in Stealth
  5517 | D:4      | Reached XP level 7. HP: 28/35 MP: 4/15
  5774 | D:5      | Entered Level 5 of the Dungeon
  5999 | D:5      | Noticed Duvessa
  5999 | D:5      | Noticed Dowan
  6116 | D:5      | Reached skill level 7 in Hexes
  6179 | D:5      | Killed Duvessa
  6522 | D:5      | Killed Dowan
  6523 | D:5      | Reached XP level 8. HP: 37/40 MP: 8/18
  6679 | D:5      | Reached * piety under Dithmenos
  6704 | D:5      | Noticed Edmund
  6711 | D:5      | Killed Edmund
  7238 | D:5      | Reached skill level 8 in Hexes
  7647 | D:5      | Got the Almanac of Fog
  7941 | D:5      | Learned a level 3 spell: Mephitic Cloud
  7945 | D:5      | Learned a level 3 spell: Ignite Poison
  7950 | D:5      | Learned a level 4 spell: Iskenderun's Mystic Blast
  8085 | D:6      | Reached skill level 1 in Translocations
  8085 | D:6      | Reached skill level 1 in Transmutations
  8091 | D:6      | Reached skill level 1 in Poison Magic
  8103 | D:6      | Reached skill level 1 in Air Magic
  8219 | D:6      | Noticed a kobold demonologist
  8229 | D:6      | Noticed a smoke demon
  8485 | D:6      | Noticed a two-headed ogre
  8486 | D:6      | Found a sand-covered staircase.
  8486 | D:6      | Noticed Blork the orc
  8493 | Ossuary  | Entered an ossuary
  8596 | Ossuary  | Reached ** piety under Dithmenos
  8642 | Ossuary  | Reached skill level 1 in Short Blades
  8698 | Ossuary  | Reached XP level 9. HP: 44/44 MP: 2/20
  9429 | D:6      | Killed Blork the orc
  9592 | D:6      | Noticed a red devil
  9595 | D:6      | HP: 1/44 [red devil/+0 trident of venom[a kobold
                  | demonologist] (14)]
  9596 | D:6      | Succumbed to a red devil's poison

Illustrated notes

Levels and vault maps discovered:
D:1:      shiori_arrival_whats_in_store_for_you, layout_basic, serial_shops,
          nicolae_shop_statue_plus, shapermc_ecumenical_altar_mp_ritualfount
D:2:      layout_basic, kennysheep_flooded_box, minmay_tiny_reverse_x,
          uniq_terence, uniq_natasha, uniq_robin
D:3:      layout_loops_ring, riverfiend_overflow_shadow_ancestor,
          old_standard_altar, dreamdust_mushroom_princess, serial_park_tiny_1
D:4:      layout_rooms, serial_shops, kennysheep_mini, supply_closet_lemuel,
          chequers_serial_rivers_room_b
D:5:      layout_basic, hangedman_decor_slide_cut, hex_tiny, uniq_duvessa,
          uniq_edmund
D:6:      layout_cave_pools, chequers_ossuary_entry_cave,
          minmay_misc_feat_roman, lemuel_flame_loot_1, uniq_eustachio,
          uniq_blork_the_orc

Skill      XL: |  1  2  3  4  5  6  7  8  9 |
---------------+----------------------------+-----
Conjurations   | 3 4 |  4.0
Spellcasting   | 3 4 5 6 7 |  7.0
Dodging        | 3 4 |  4.0
Fighting       | 1 2 3 |  3.2
Stealth        | 4 5 6 |  6.0
Hexes          | 1 3 4 6 7 8 |  8.0
Translocations | 2 3 |  3.6
Transmutations | 2 3 |  3.0
Poison Magic   | 2 |  2.0
Air Magic      | 1 |  1.0
Short Blades   | 1 |  1.0

Action                   |  1- 3 |  4- 6 |  7- 9 || total
-------------------------+-------+-------+-------++-------
Melee: Dagger            |       |     1 |     2 ||     3
       Short sword       |       |       |    20 ||    20
 Cast: Magic Dart        |    88 |    52 |    30 ||   170
       Searing Ray       |     4 |    38 |    69 ||   111
       Dazzling Flash    |       |     1 |       ||     1
       Fulminant Prism   |       |     1 |    31 ||    32
       Mephitic Cloud    |       |       |     4 ||     4
       Iskenderun's Myst |       |       |     1 ||     1
Evoke: Wand              |       |       |     1 ||     1
  Use: Scroll            |       |       |     9 ||     9
       Potion            |       |       |     1 ||     1
 Stab: Sleeping          |       |     1 |     1 ||     2
       Confused          |       |       |     2 ||     2
       Paralysed         |       |       |     1 ||     1
Armor: Robe              |       |     1 |     7 ||     8
Dodge: Dodged            |     8 |    13 |    62 ||    83

Table legend: (Time is in decaauts)
 A = Elapsed time spent in this place.
 B = Non-inter-level travel time spent in this place.
 C = Inter-level travel time spent in this place.
 D = Time resting spent in this place.
 E = Time spent auto-exploring this place.
 F = Levels seen in this place.
 G = Mean time per level.
                   A        B        C        D        E       F      G
               +--------+--------+--------+--------+--------+-----+--------+
         Total |   8063 |   7861 |    202 |   4479 |   1770 |   7 | 1151.9 |
       Dungeon |   7274 |   7072 |    202 |   3939 |   1741 |   6 | 1212.3 |
       Ossuary |    788 |    788 |      0 |    539 |     28 |   1 |  788.0 |
               +--------+--------+--------+--------+--------+-----+--------+

Top non-repeatable levels by time:
     D:5: 2006 daAuts
     D:2: 1551 daAuts
     D:3: 1354 daAuts
     D:4: 1042 daAuts
     D:1: 1024 daAuts
 Ossuary: 788 daAuts
     D:6: 295 daAuts
